 Seeded DCSS version 0.29-a0-541-gaf1fc19f1b (webtiles) character file.

Game seed: 5998305543906830551 (custom seed)

164 swifteh the Skirmisher (level 5, 0/48 HPs)
             Began as a Minotaur Abyssal Knight on June 2, 2022.
             Was a Believer of Lugonu.
             Hit by a stone thrown by a gnoll (4 damage)
             ... on level 3 of the Dungeon.
             The game lasted 00:14:54 (3282 turns).

swifteh the Skirmisher (Minotaur Abyssal Knight)    Turns: 3282, Time: 00:14:54

Health: 0/48       AC:  6    Str: 19    XL:     5   Next: 21%
Magic:  4/5        EV: 11    Int:  9    God:    Lugonu [**....]
Gold:   110        SH:  0    Dex: 11    Spells: 4/4 levels left

rFire   . . .      SeeInvis +   g - +1 hand axe of Tumult {vamp, Str+2}
rCold   . . .      Faith    .   (no shield)
rNeg    . . .      Spirit   .   b - +1 leather armour
rPois   .          Reflect  .   (helmet restricted)
rElec   .          Harm     .   (no cloak)
rCorr   .          Rampage  .   (no gloves)
Will    .....                   k - +1 pair of boots
Stlth   +.........              (no amulet)
HPRegen 0.16/turn               e - ring of see invisible
MPRegen 0.09/turn               (no ring)

@: no status effects
A: horns 2, retaliatory headbutt
a: Renounce Religion, Depart the Abyss, Bend Space


You were on level 3 of the Dungeon.
You worshipped Lugonu.
Lugonu was pleased with you.
You visited 1 branch of the dungeon, and saw 3 of its levels.
You visited the Abyss 1 time.

You collected 110 gold pieces.

Inventory:

Hand Weapons
 a - a +1 mace
 g - the +1 hand axe of Tumult (weapon) {vamp, Str+2}
   (You found it on level 3 of the Dungeon)

   It occasionally heals its wielder for a portion of the damage dealt when it
   wounds a living foe.
   Str:       It affects your strength (+2).
Missiles
 i - 3 boomerangs
Armour
 b - a +1 leather armour (worn)
 c - a +0 ring mail
 k - a +1 pair of boots (worn)
Jewellery
 e - a ring of see invisible (left hand)
Potions
 d - a potion of attraction {unknown}
 f - a potion of mutation
 h - a potion of flight
 l - a potion of heal wounds {unknown}
 n - a potion of might {unknown}


   Skills:
 + Level 5.0 Fighting
 + Level 0.3(2.4) Axes
 + Level 4.0 Maces & Flails
 + Level 3.3 Armour
 + Level 1.8 Dodging
 + Level 1.0 Stealth
 + Level 2.2 Invocations


You had 4 spell levels left.
You didn't know any spells.
Your spell library was empty.

Dungeon Overview and Level Annotations

Branches:
Dungeon (3/15)

Altars:

Shops:
D:3 *


Innate Abilities, Weirdness & Mutations

You have a pair of horns on your head.
You reflexively headbutt those who attack you in melee.


Message History

The gnoll is moderately wounded.
You hit the gnoll.
You feel better. The gnoll hits you with a +0 flail.
The gnoll barely misses you.
You closely miss the gnoll. You headbutt the gnoll.
The gnoll is moderately wounded.
You hit the gnoll but do no damage. The gnoll hits you with a +0 flail. x2
You hit the gnoll but do no damage.
The gnoll is moderately wounded.
You hit the gnoll.
You feel better. The gnoll closely misses you. You furiously retaliate!
You headbutt the gnoll. The gnoll barely misses you. You furiously retaliate!
You headbutt the gnoll!
You kill the gnoll!
Lugonu accepts your kill.
Your Fighting skill increases to level 5!
You fail to use your ability.
The gnoll hits you with a +0 flail. Space bends violently around you!
You blink.
A rat comes into view.
You feel better.
The gnoll zaps a wand.
The mass of ice explodes!
The iceblast engulfs you!
* * * LOW HITPOINT WARNING * * *
Space bends violently around you!
You blink.
You start resting.
There are monsters nearby!
The gnoll throws a stone.
The stone hits you.
* * * LOW HITPOINT WARNING * * *
The rat bites you.
* * * LOW HITPOINT WARNING * * *
The rat attacks as you move away! The rat bites you but does no damage.
The rat attacks as you move away! The rat closely misses you.
The rat bites you but does no damage. The rat attacks as you move away!
The rat bites you.
* * * LOW HITPOINT WARNING * * *
The gnoll throws a stone.
The stone hits you but does no damage.
You hit the rat.
You feel better.
You kill the rat!
Lugonu accepts your kill.
The gnoll throws a stone.
The stone completely misses you.
Your Maces & Flails skill increases to level 4!
The gnoll throws a stone.
The stone hits you.
You die...

♣.8.♣P♣P♣##.###### #..))......#
######### #......# #..........#.
.......# ###....# ########...#.
...##..######....# ##...#.
....)>...........###### #......
...÷#..######....##...# #......
........# #....##...# #......
.#..#..#########.##...#####......
##.<#...........@.....'..........
...##........####.#...######.....
#### ...... #.....# #..... ......
##g...# #..... .... #....# #.....
#..###### #..... #.......# #.....
#.......###.....
#####.......#.......


You could see a gnoll.

Vanquished Creatures
  A hound (D:3)
  Terence (D:3)
  4 adders
  2 gnolls (D:3)
  5 orcs (D:3)
  2 bats
  4 endoplasms
  2 giant cockroaches
  3 hobgoblins
  5 jackals (D:1)
  5 ball pythons
  A frilled lizard (D:3)
  5 goblins
  4 kobolds
  3 rats
47 creatures vanquished.

Vanquished Creatures (others)
  4 demonic plants (D:3)
4 creatures vanquished.

Grand Total: 51 creatures vanquished

Notes
Turn   | Place    | Note
-------+----------+-------------------------------------------
     0 | Abyss:1  | swifteh the Minotaur Abyssal Knight began the quest for the
                  | Orb.
     0 | Abyss:1  | Reached XP level 1. HP: 19/19 MP: 1/1
    40 | D:1      | Escaped the Abyss
   383 | D:1      | Reached skill level 4 in Fighting
   383 | D:1      | Reached XP level 2. HP: 4/27 MP: 2/2
   668 | D:1      | Found a faded altar of an unknown god.
  1750 | D:2      | Reached XP level 3. HP: 15/34 MP: 3/3
  2366 | D:3      | Noticed Terence
  2368 | D:3      | Found Pesmat's Assorted Antiques.
  2380 | D:3      | Killed Terence
  2381 | D:3      | Reached XP level 4. HP: 20/41 MP: 4/4
  2746 | D:3      | Identified the +1 hand axe of Tumult {vamp, Str+2}
  3182 | D:3      | Reached XP level 5. HP: 47/47 MP: 5/5
  3257 | D:3      | Reached skill level 1 in Stealth
  3262 | D:3      | Reached skill level 5 in Fighting
  3270 | D:3      | HP: 2/48 [rat (3)]
  3279 | D:3      | HP: 1/48 [rat (3)]
  3282 | D:3      | Hit by a stone thrown by a gnoll

Illustrated notes

Levels and vault maps discovered:
D:1:      nzn_arrival_crosshair, layout_basic,
          hellmonk_ecumenical_altar_arch_garden
D:2:      layout_basic, serial_bayou_pond_e
D:3:      layout_basic, serial_shops, nicolae_shop_stone,
          minmay_misc_feat_diagonals, dreamdust_princess_corridor, uniq_terence

Skill      XL: |  1  2  3  4  5 |
---------------+----------------+-----
Fighting       | 4 5 |  5.0
Maces & Flails | 3 4 |  4.0
Invocations    | 2 |  2.2
Armour         | 3 |  3.3
Stealth        | 1 |  1.0
Axes           | |  0.3
Dodging        | |  1.8

Action                   |  1- 3 |  4- 6 || total
-------------------------+-------+-------++-------
Melee: Mace              |    57 |    12 ||    69
       Headbutt          |     6 |     7 ||    13
       Hand axe          |       |    42 ||    42
Invok: Bend Space        |     2 |     3 ||     5
       Depart the Abyss  |     1 |       ||     1
  Use: Scroll            |     8 |       ||     8
       Potion            |       |     2 ||     2
Armor: Leather armour    |    28 |    11 ||    39
Dodge: Dodged            |    55 |    39 ||    94

Table legend: (Time is in decaauts)
 A = Elapsed time spent in this place.
 B = Non-inter-level travel time spent in this place.
 C = Inter-level travel time spent in this place.
 D = Time resting spent in this place.
 E = Time spent auto-exploring this place.
 F = Levels seen in this place.
 G = Mean time per level.
                   A        B        C        D        E       F      G
               +--------+--------+--------+--------+--------+-----+--------+
         Total |   3305 |   3305 |      0 |   1569 |    799 |   4 |  826.2 |
       Dungeon |   3265 |   3265 |      0 |   1569 |    783 |   3 | 1088.3 |
         Abyss |     40 |     40 |      0 |      0 |     16 |   1 |   40.0 |
               +--------+--------+--------+--------+--------+-----+--------+

Top non-repeatable levels by time:
     D:1: 1209 daAuts
     D:2: 1089 daAuts
     D:3: 966 daAuts
 Abyss:1: 40 daAuts
